 Dungeon Crawl Stone Soup version 0.17-a0-1887-g3e50df6 (webtiles) character file.

215 dpvblackbelt the Cutter (level 5, 0/44 HPs)
             Began as a Naga Transmuter on Sept 24, 2015.
             Slain by a gnoll
             ... wielding a +0 spear
              (8 damage)
             ... on level 4 of the Dungeon.
             The game lasted 00:07:04 (2747 turns).

dpvblackbelt the Cutter (Naga Transmuter)           Turns: 2747, Time: 00:07:04

Health: 0/44       AC:  2    Str: 12    XL:     5   Next: 92%
Magic:  8/8        EV: 10    Int: 18    God:
Gold:   64         SH:  0    Dex: 13    Spells: 3 memorised, 0 levels left

rFire  . . .     SeeInvis +     i - +2 short sword (vamp) {!w}
rCold  . . .     Clarity  .     b - +0 robe
rNeg   . . .     SustAt   .     (no shield)
rPois  +         Gourm    .     (no helmet)
rElec  .         Spirit   .     (no cloak)
rCorr  .         Warding  .     (no gloves)
rMut   .         Rnd*Tele +     (no barding)
MR     .....                    (no amulet)
Stlth  +++.......               q - ring of wizardry {Wiz+, !d}
                                j - ring of teleportation (curse) {+/*tele, !d}

@: brilliant, very slow, not resistant to hostile enchantments, fairly stealthy
A: see invisible, deformed body, poison resistance, slowness 2, slow metabolism
1, spit poison 2, AC +1
a: Spit Poison, Evoke Teleportation


You were on level 4 of the Dungeon.
You were near starving.

You visited 1 branch of the dungeon, and saw 4 of its levels.

You collected 64 gold pieces.

Inventory:

Hand weapons
 i - a +2 vampiric short sword (weapon) {!w}
   (You took it off a kobold on level 1 of the Dungeon)
Missiles
 a - 12 arrows
 t - 17 arrows of frost
Armour
 b - a +0 robe (worn)
 e - a +0 helmet
   (You found it on level 1 of the Dungeon)
Rods
 w - a +0 rod of ignition (9/9)
   (You found it on level 3 of the Dungeon)
Jewellery
 j - a cursed ring of teleportation (left hand) {+/*tele, !d}
   (You found it on level 1 of the Dungeon)
 k - an uncursed ring of ice {rC+, rF-}
   (You found it on level 1 of the Dungeon)
 q - a ring of wizardry (right hand) {Wiz+, !d}
   (You found it on level 2 of the Dungeon)
Scrolls
 d - a scroll of teleportation {unknown}
 g - a scroll of magic mapping {unknown}
 h - 2 scrolls of identify {unknown}
 u - a scroll of fear {unknown}
 v - 2 scrolls of remove curse {unknown}
Potions
 f - a potion of flight {unknown}
 l - 2 potions of curing
 n - a potion of lignification {unknown}
 o - a potion of brilliance
 p - a potion of haste {unknown}
Books
 c - a book of Changes
Comestibles
 m - 2 bread rations {@e1@e1}
 r - a slice of pizza
 s - 2 meat rations {@e2@e2}


   Skills:
 - Level 1.0 Fighting
 + Level 4.7 Short Blades
 - Level 1.5 Dodging
 - Level 4.0 Stealth
 - Level 3.0 Unarmed Combat
 - Level 2.0 Spellcasting
 - Level 2.0 Transmutations


You couldn't memorise any spells.
You knew the following spells:

 Your Spells              Type           Power        Failure   Level  Hunger
a - Beastly Appendage     Trmt           ###...       1%          1    #......
b - Ice Form              Ice/Trmt       ###.....     24%         4    #####..
c - Spider Form           Trmt/Pois      ###.......   4%          3    ###....


Dungeon Overview and Level Annotations

Branches:
Dungeon (4/15)
 Temple: D:4-7

Altars:


Innate Abilities, Weirdness & Mutations

You cannot wear boots.
Your serpentine skin is tough (AC +1).
You have supernaturally acute eyesight.
Armour fits poorly on your strangely shaped body.
Your system is resistant to poisons.
You cover ground very slowly.
You have a slow metabolism.
You can spit poison.


Message History

Done exploring.
Done exploring.
Wield which item (- for none, * to show all)? (? for menu, Esc to quit)
Okay, then.
Read which item? (? for menu, Esc to quit)
Okay, then.
(D) Dungeon
Where to? (Enter - D:3, ? - help)
There is a stone staircase leading down here.
You climb downwards.
There is a stone staircase leading up here.
You open the door.
A giant cockroach comes into view.
Found a stone staircase leading down.
There is an open door here.
A giant cockroach is nearby!
A giant cockroach is nearby!
A worker ant comes into view.
The helpless giant cockroach fails to defend itself.
You impale the giant cockroach!!
You kill the giant cockroach!
The helpless worker ant fails to defend itself.
You puncture the worker ant! The worker ant closely misses you.
You closely miss the worker ant. The worker ant closely misses you.
You hit the worker ant but do no damage.
The worker ant barely misses you.
You hit the worker ant.
You kill the worker ant!
No target in view!
You found a teleport trap!
You are suddenly yanked towards some nearby monsters!
Your surroundings suddenly seem different. 2 gnolls come into view.
There are monsters nearby!
The gnoll shouts!
You hear a shout!
You hear a shout!
The gnoll hits you from afar with a spear.
A gnoll comes into view. It is wielding a club.
You take 2 damage, and have 42/44 hp.
You barely miss the gnoll.
The gnoll hits you from afar with a spear.
The gnoll completely misses you.
A gnoll comes into view.
You take 2 damage, and have 40/44 hp.
Aim: a gnoll, wielding a whip The splash of poison hits the gnoll.
The gnoll is poisoned.
You feel slightly more hungry. The gnoll barely misses you.
The gnoll barely misses you. The gnoll hits you with a whip.
You take 5 damage, and have 35/44 hp.
You barely miss the gnoll.
The gnoll hits you from afar with a spear.
You take 1 damage, and have 34/44 hp.
You barely miss the gnoll.
You have got your breath back.
The gnoll hits you with a whip. The gnoll closely misses you.
You take 3 damage, and have 31/44 hp.
You hit the gnoll.
You feel better.
You kill the gnoll!
The gnoll hits you from afar with a spear.
You take 2 damage, and have 29/44 hp.
The gnoll hits you with a spear.
A giant newt comes into view.
Things that are here:
a whip; a gnoll corpse You take 4 damage, and have 25/44 hp.
You closely miss the gnoll. You punch the gnoll. The gnoll closely misses you.
Aim: a gnoll, wielding a spear (lightly wounded)
You fail to use your ability.
The gnoll hits you with a spear!
You take 8 damage, and have 17/44 hp.
Aim: a gnoll, wielding a spear (lightly wounded)
The splash of poison hits the gnoll.
The gnoll appears unharmed.
You feel slightly more hungry. The gnoll hits you with a spear!
* * * LOW HITPOINT WARNING * * *
You take 10 damage, and have 7/44 hp.
MASSIVE DAMAGE!!
You barely miss the gnoll. The giant newt bites you.
* * * LOW HITPOINT WARNING * * *
The gnoll barely misses you.
You take 2 damage, and have 5/44 hp.
Drink which item? (? for menu, Esc to quit)
It was a potion of curing.
You feel better. The giant newt barely misses you. The gnoll barely misses you.
You regained 5 hp, and now have 10/44 hp.
Drink which item? (? for menu, Esc to quit)
It was a potion of brilliance.
You feel clever all of a sudden. The giant newt bites you.
* * * LOW HITPOINT WARNING * * *
The gnoll barely misses you.
You take 1 damage, and have 9/44 hp.
You barely miss the gnoll. The giant newt barely misses you.
You hit the gnoll. The gnoll hits you with a spear.
* * * LOW HITPOINT WARNING * * *
The giant newt bites you but does no damage.
You take 1 damage, and have 8/44 hp.
You closely miss the gnoll.
You have got your breath back.
The gnoll hits you with a spear!
You die... ### .. ..# .. #.### .gg

#g#
#@##
#l.#
##.#
..#
..#
...
....
....#
##..#


You could see 3 gnolls and a giant newt.

Vanquished Creatures
  A necrophage (D:3)
  A worker ant (D:4)
  6 adders
  A gnoll (D:4)
  A worm (D:3)
  A giant gecko (D:1)
  2 orcs (D:3)
  2 bats
  3 giant cockroaches
  5 goblins
  2 hobgoblins (D:1)
  2 jackals (D:1)
  5 kobolds
  3 quokkas
  A ball python (D:1)
  2 giant newts
  4 rats
42 creatures vanquished.

Notes
Turn   | Place    | Note
--------------------------------------------------------------
     0 | D:1      | dpvblackbelt the Naga Transmuter began the quest for the Orb.
     0 | D:1      | Reached XP level 1. HP: 18/18 MP: 3/3
    16 | D:1      | Reached skill level 1 in Stealth
   433 | D:1      | Reached skill level 2 in Stealth
   440 | D:1      | Reached XP level 2. HP: 25/25 MP: 5/5
   585 | D:1      | Reached skill level 3 in Stealth
  1173 | D:2      | Reached skill level 4 in Stealth
  1351 | D:2      | Reached XP level 3. HP: 28/31 MP: 6/6
  1449 | D:2      | Reached skill level 1 in Short Blades
  1515 | D:2      | Reached skill level 2 in Short Blades
  1832 | D:3      | Reached XP level 4. HP: 22/38 MP: 7/7
  2227 | D:3      | Noticed a necrophage
  2232 | D:3      | Killed a necrophage
  2232 | D:3      | Reached skill level 4 in Short Blades
  2232 | D:3      | Reached XP level 5. HP: 38/44 MP: 8/8
  2500 | D:3      | Learned a level 3 spell: Spider Form
  2505 | D:3      | Learned a level 4 spell: Ice Form
  2741 | D:4      | HP: 7/44 [gnoll/spear (10)]
  2746 | D:4      | HP: 8/44 [gnoll/spear (2)]
  2747 | D:4      | Slain by a gnoll

Vault maps used:
D:1:      dpeg_arrival_windows_large_door, serial_aquarium,
          aquarium_bridge_square, aquarium_bridge_straight, aquarium_window_3,
          aquarium_window_fake, aquarium_window_corner, aquarium_view_2e,
          aquarium_view_2e, aquarium_pool_2
D:2:      first_bread
D:3:      minmay_quantized
D:4:      minmay_distorted

Action                   |  1- 3 |  4- 6 || total
-------------------------+-------+-------++-------
Melee: Unarmed           |    30 |       ||    30
       Short sword       |    52 |    43 ||    95
Throw: Tomahawk          |     3 |       ||     3
 Cast: Beastly Appendage |     2 |     1 ||     3
 Abil: Spit Poison       |     4 |     4 ||     8
  Use: Potion            |       |     2 ||     2
 Stab: Sleeping          |     5 |     7 ||    12
       Distracted        |     1 |       ||     1
  Eat: Bread ration      |     1 |       ||     1
       Chunk             |     2 |     1 ||     3

Vault maps used:
D:1:      dpeg_arrival_windows_large_door, serial_aquarium,
          aquarium_bridge_square, aquarium_bridge_straight, aquarium_window_3,
          aquarium_window_fake, aquarium_window_corner, aquarium_view_2e,
          aquarium_view_2e, aquarium_pool_2
D:2:      first_bread
D:3:      minmay_quantized
D:4:      minmay_distorted

Table legend:
 A = Turns spent in this place as a percentage of turns spent in the entire game.
 B = Non-inter-level travel turns spent in this place as a percentage of non-inter-level travel turns spent in the entire game.
 C = Inter-level travel turns spent in this place as a percentage of turns spent in this place.
 D = Turns resting spent in this place as a percentage of non-inter-level travel turns spent in this place.
 E = Turns spent auto-exploring this place as a percentage of non-inter-level travel turns spent in this place.
 F = Non-inter-level travel turns spent in this place divided by the number of levels of this place that you've seen.
                   A       B       C       D       E      F
               +-------+-------+-------+-------+-------+----------------------
         Total | 100.0 | 100.0 |   0.5 |   4.6 |  12.3 | 140.2
       Dungeon | 100.0 | 100.0 |   0.5 |   4.6 |  12.3 | 140.2
               +-------+-------+-------+-------+-------+----------------------

Table legend:
 A = Kills in this place as a percentage of kills in entire the game.
 B = Kills by you in this place as a percentage of kills by you in the entire game.
 C = Kills by friends in this place as a percentage of kills by friends in the entire game.
 D = Other kills in this place as a percentage of other kills in the entire game.
 E = Experience gained in this place as a percentage of experience gained in the entire game.
 F = Experience gained in this place divided by the number of levels of this place that you have seen.
                   A       B       C       D       E      F
               +-------+-------+-------+-------+-------+----------------------
         Total | 100.0 | 100.0 |  -nan |  -nan | 100.0 |  77.0
       Dungeon | 100.0 | 100.0 |  -nan |  -nan | 100.0 |  77.0
               +-------+-------+-------+-------+-------+----------------------
